AoeStats
← AnderSlevin

Arena

507996532Analyzed
1v1 RM · 13d ago on Sep 20, 2026· 44m 46s· 2 players
Game mode
Random Map
Map size
Tiny (2 player)
Population
200
Speed
Normal
Resources
Standard
Victory
Conquest
Starting age
Dark Age
Ending age
Imperial Age
RankedLock teamsTeams togetherTeam positionsShared explorationLock speedFull tech treeHidden civsTurbo modeCheats
Victory
Defeat
🇵🇹 Japanese · Portugal
606
+17
🇪🇸 Burgundians · Spain
625
-29
Conde Montanelas
11:16 Feudal Age
17:54 Castle Age
16:27 Double-Bit Axe
16:31 Horse Collar
17:43 Stone Mining
17:48 Gold Mining
21:08 Wheelbarrow
22:51 Hand Cart
22:50 Bow Saw
22:49 Heavy Plow
27:53 Gold Shaft Mining
33:33 Imperial Age
33:57 Yasama
33:46 Elite Samurai
36:00 Kataparuto
35:56 Forging
35:47 Scale Mail Armor
36:18 Parthian Tactics
35:13 Heavy Cavalry Archer
37:54 Two-Man Saw
37:01 Loom
39:09 Hoardings
39:43 Husbandry
39:53 Bloodlines
39:04 Light Cavalry
39:40 Fletching
39:50 Padded Archer Armor
40:26 Iron Casting
40:06 Chain Mail Armor
39:57 Scale Barding Armor
45:06 Thumb Ring
44:21 Elite Skirmisher
44:59 Bodkin Arrow
45:19 Leather Archer Armor
45:25 Chain Barding Armor
46:07 Blast Furnace
45:37 Plate Mail Armor
AnderSlevin
12:10 Feudal Age
18:05 Castle Age
15:49 Horse Collar
16:49 Heavy Plow
16:55 Double-Bit Axe
17:47 Bow Saw
20:13 Crop Rotation
24:15 Two-Man Saw
23:30 Loom
28:56 Wheelbarrow
29:58 Hand Cart
29:28 Town Watch
29:32 Pikeman
30:13 Squires
31:05 Scale Barding Armor
31:11 Forging
30:33 Light Cavalry
31:17 Husbandry
31:16 Gold Mining
32:12 Cavalier
33:44 Gold Shaft Mining
33:39 Town Patrol
34:09 Chain Barding Armor
34:32 Iron Casting
33:52 Fletching
36:28 Murder Holes
36:44 Masonry
36:46 Fortified Wall
36:57 Ballistics
36:18 Treadmill Crane
39:49 Imperial Age
37:38 Burgundian Vineyards
38:32 Bodkin Arrow
41:39 Chemistry
40:25 Arrowslits
41:10 Architecture
40:48 Padded Archer Armor
41:49 Blast Furnace
41:26 Plate Barding Armor
40:53 Bracer
41:24 Elite Skirmisher
41:36 Paladin
41:39 Hussar
42:40 Leather Archer Armor
Connection lost

Rejoining the realm…

Still unreachable

The connection could not be restored.

Session expired

The server has moved on; the page needs a fresh start.